Map: [ESL] Data-C

Players

LiquidClem (Clem) - Winner!

  • Race: Terran Terran
  • Spawn Location: 3:00

ShoWTimE

  • Race: Protoss Protoss
  • Spawn Location: 9:00

Event: HomeStory Cup XXI

VOD

Have the link to the VOD?

Description

Time

  • Played on: July 23, 2022, 5:57 a.m.
  • Length: 18:33

All games in this series

Show
View Real Time Build Order
Export as new Build Order

LiquidClem Terran - Winner!

Build Orders:  

Get SALT Encoding   

  12  0:00  SCV  
  13  0:12  SCV  
  14  0:16  Supply Depot  
  14  0:24  SCV  
  15  0:38  Barracks, SCV  
  16  0:44  Refinery  
  16  0:50  SCV  
  17  1:02  SCV  
  18  1:14  SCV  
  19  1:26  Orbital Command  
  19  1:27  Barracks Reactor  
  19  1:41  Command Center  
  19  1:50  Supply Depot  
  19  1:52  SCV  
  20  2:03  Marine  
  20  2:04  SCV, Marine  
  23  2:13  Factory  
  23  2:16  SCV  
  23  2:21  Marine x2  
  26  2:25  Refinery  
  26  2:28  SCV  
  27  2:39  Marine x2  
  27  2:41  SCV  
  30  2:52  Orbital Command  
  30  2:54  SCV  
  31  2:58  Starport  
  31  3:03  Hellion  
  33  3:08  Hellion  
  33  3:10  SCV  
  36  3:13  Barracks Tech Lab  
  36  3:19  SCV  
  37  3:22  SCV  
  37  3:23  Supply Depot  
  37  3:25  Widow Mine  
  40  3:29  Widow Mine  
  40  3:32  SCV  
  43  3:34  SCV  
  43  3:36  Medivac  
  46  3:47  Marine, Widow Mine  
  48  3:49  SCV  
  48  3:52  SCV  
  48  3:54  Supply Depot  
  49  4:01  SCV  
  42  4:04  SCV  
  42  4:09  Viking  
  45  4:13  SCV  
  45  4:15  Marine x2, Cyclone  
  45  4:16  SCV  
  52  4:22  Command Center  
  52  4:25  SCV  
  52  4:28  SCV  
  53  4:34  Marine x2  
  53  4:37  SCV  
  56  4:40  SCV  
  53  4:48  Viking  
  53  4:49  SCV  
  53  4:50  Barracks  
  53  4:51  Barracks  
  56  4:52  SCV  
  56  4:56  Cyclone  
  58  5:01  SCV  
  58  5:02  Supply Depot, Marine  
  58  5:03  Marine  
  58  5:05  Refinery, SCV  
  62  5:15  Refinery  
  62  5:16  SCV  
  62  5:17  SCV  
  62  5:23  Marine x2  
  62  5:24  Starport Tech Lab  
  62  5:27  Supply Depot  
  62  5:28  SCV  
  65  5:29  SCV  
  66  5:36  Engineering Bay  
  66  5:37  Engineering Bay  
  66  5:39  Orbital Command  
  66  5:40  SCV  
  66  5:41  SCV  
  66  5:42  Marine  
  68  5:43  Marine  
  68  5:44  Factory Reactor  
  68  5:49  Marine, Supply Depot, Stimpack  
  71  5:52  SCV, Combat Shield  
  71  5:53  SCV  
  71  5:55  Marine  
  74  5:57  Starport Reactor  
  74  6:02  Orbital Command  
  74  6:04  SCV, Missile Turret  
  74  6:06  Missile Turret  
  74  6:08  Marine x2  
  74  6:09  Marauder  
  74  6:10  SCV  
  80  6:14  Missile Turret  
  80  6:16  Terran Infantry Weapons Level 1  
  80  6:18  Terran Infantry Armor Level 1  
  80  6:23  SCV  
  80  6:24  Marauder  
  83  6:25  SCV  
  83  6:28  SCV  
  83  6:31  Supply Depot, Marine x2  
  87  6:35  Medivac  
  87  6:36  SCV  
  87  6:37  Medivac  
  87  6:39  SCV  
  93  6:40  SCV  
  93  6:42  Widow Mine  
  93  6:43  Widow Mine  
  93  6:45  Supply Depot  
  98  6:48  Marauder  
  98  6:50  Marine  
  98  6:52  Marine  
  98  6:53  SCV x2, Marauder  
  98  6:54  SCV  
  107  7:00  Barracks  
  107  7:01  Barracks  
  107  7:04  Supply Depot  
  107  7:05  SCV x2  
  107  7:07  Widow Mine  
  107  7:08  Widow Mine  
  113  7:14  Marine, Medivac x2  
  113  7:15  Marine  
  115  7:16  SCV  
  115  7:17  SCV  
  115  7:22  Refinery x2  
  117  7:26  Supply Depot x2  
  117  7:28  Widow Mine  
  117  7:29  SCV, Missile Turret  
  120  7:30  SCV  
  120  7:31  SCV  
  120  7:34  Marine  
  120  7:35  Marine  
  124  7:38  Supply Depot  
  124  7:41  Supply Depot  
  124  7:42  SCV  
  125  7:47  Concussive Shells  
  125  7:48  Armory, Widow Mine  
  125  7:50  Barracks Tech Lab, Barracks Reactor  
  129  7:55  Supply Depot  
  129  7:58  Widow Mine  
  132  8:00  Command Center  
  132  8:05  Marine x2  
  131  8:06  Marauder x2  
  131  8:10  Supply Depot  
  135  8:13  Viking  
  135  8:14  Viking  
  135  8:18  Widow Mine  
  138  8:24  Marauder  
  138  8:26  Marine  
  133  8:28  Marauder  
  135  8:34  Barracks  
  135  8:36  Barracks  
  135  8:37  Barracks  
  135  8:38  Terran Infantry Weapons Level 2  
  135  8:40  Ghost Academy  
  134  8:44  Terran Infantry Armor Level 2, Starport  
  134  8:49  Marauder x2  
  134  8:51  Marauder  
  134  8:54  Viking  
  142  8:58  Viking, Supply Depot  
  142  9:00  Terran Ship Weapons Level 1  
  144  9:03  SCV x2  
  144  9:04  SCV  
  147  9:13  Ghost  
  147  9:14  Ghost x2  
  147  9:15  Enhanced Shockwaves  
  153  9:17  SCV  
  153  9:18  SCV  
  153  9:20  Supply Depot  
  153  9:21  SCV  
  156  9:26  Barracks Tech Lab  
  156  9:27  Barracks Tech Lab, Barracks Reactor  
  156  9:29  SCV, Missile Turret  
  156  9:30  SCV  
  158  9:32  Marine  
  159  9:38  Viking  
  159  9:39  Viking  
  159  9:43  Viking, Marauder x2  
  161  9:48  Ghost  
  158  9:53  Ghost  
  158  9:58  Marine  
  144  10:01  Marine  
  144  10:02  Marine  
  141  10:08  Viking x3, Marine x2  
  141  10:09  Marauder x2  
  141  10:12  Planetary Fortress  
  141  10:14  Marauder  
  153  10:15  Marine  
  153  10:21  Marauder  
  155  10:28  Ghost, Orbital Command, Marine x2  
  154  10:29  Marine  
  154  10:33  Viking  
  153  10:36  Marine x2  
  153  10:37  SCV  
  152  10:43  SCV  
  152  10:44  Marine  
  152  10:46  Sensor Tower  
  152  10:48  Marauder  
  152  10:49  SCV, Marine x3, Marauder  
  157  10:50  SCV  
  157  10:54  Marauder  
  157  10:56  Marauder  
  148  10:57  Marauder  
  148  11:02  Marine  
  132  11:05  Marine x2  
  132  11:06  SCV, Marine  
  132  11:09  Marine  
  132  11:10  Marine, Marauder x2  
  142  11:14  Marine  
  145  11:18  Marauder  
  145  11:19  Marauder  
  147  11:27  Terran Infantry Weapons Level 3  
  147  11:31  Marine, Marauder x2  
  152  11:33  Marine, Marauder  
  152  11:37  SCV  
  152  11:38  SCV  
  157  11:42  Command Center  
  157  11:46  Terran Infantry Armor Level 3  
  157  11:48  SCV  
  157  11:49  SCV x2  
  157  11:50  Refinery  
  157  11:51  Refinery, SCV  
  161  11:55  Marauder x2  
  161  11:59  Marine x2, Marauder x2  
  173  12:01  Marauder  
  173  12:05  Terran Ship Weapons Level 2  
  173  12:07  Marine x2  
  173  12:08  Marine  
  176  12:11  Medivac  
  178  12:17  Medivac  
  178  12:21  Missile Turret  
  178  12:22  Missile Turret  
  180  12:24  Missile Turret  
  180  12:37  Fusion Core  
  180  12:40  Supply Depot  
  180  12:42  Marine x3, Liberator  
  180  12:43  Marauder  
  180  12:44  Personal Cloaking  
  188  12:46  Marine  
  188  12:53  SCV, Marine x2, Marauder  
  188  12:54  Marauder x3  
  199  13:05  Command Center  
  199  13:11  Sensor Tower  
  199  13:12  Missile Turret  
  199  13:18  Marine  
  200  13:25  Advanced Ballistics  
  197  13:27  Viking  
  197  13:29  Marauder  
  197  13:32  Liberator  
  198  13:42  Viking  
  198  13:47  Viking  
  178  13:48  Marine x2  
  178  13:54  Marauder x2  
  178  13:55  Marine x3  
  152  13:56  Marauder x2  
  152  13:57  Viking, Marine  
  152  13:59  Marauder  
  159  14:03  Planetary Fortress  
  159  14:07  Refinery x2  
  159  14:12  Medivac  
  159  14:13  Marine  
  159  14:15  Medivac, Marine x2  
  159  14:16  Marine, Liberator  
  170  14:22  Marine x2  
  163  14:24  Ghost  
  163  14:25  Ghost x2  
  163  14:27  Liberator  
  168  14:33  Ghost  
  168  14:36  Ghost  
  166  14:38  Marine x2  
  166  14:42  Liberator  
  170  14:47  Marine x4  
  172  14:52  Ghost  
  172  14:53  Ghost  
  172  14:54  Ghost  
  172  14:56  Marine, Liberator  
  172  14:59  Orbital Command  
  180  15:04  Marauder  
  180  15:06  Marine, Marauder  
  180  15:13  Liberator  
  183  15:14  Liberator  
  183  15:20  Marine x2  
  188  15:22  Ghost, Marauder  
  188  15:27  Liberator  
  191  15:28  Ghost  
  191  15:33  Marine x2  
  191  15:34  Marine  
  191  15:35  Marauder  
  194  15:39  Liberator  
  194  15:41  Marauder  
  197  15:51  Marauder x2  
  197  15:55  Liberator  
  197  15:56  Marauder  
  195  15:57  Liberator  
  195  16:00  Marine  
  195  16:01  Marine  
  200  16:13  Marine, Marauder  
  200  16:27  Liberator  
  200  16:28  Marine x2  
  200  16:29  Marauder  
  188  16:33  Liberator  
  188  16:34  Marine  
  188  16:35  Marine x2, Marauder  
  188  16:38  Liberator  
  198  16:42  Orbital Command  
  198  16:44  Command Center  
  198  16:45  Liberator  
  188  16:48  SCV  
  188  16:49  Marine  
  188  16:50  SCV  
  188  16:52  SCV  
  172  17:02  SCV x2  
  173  17:12  Liberator  
  173  17:13  Marauder  
  178  17:18  Liberator  
  181  17:23  SCV  
  181  17:29  Liberator  
  185  17:35  Missile Turret  
  185  17:36  Marauder  
  184  17:37  Marauder  
  186  17:47  Liberator  
  186  17:49  Marauder  
  163  17:51  Marine  
  163  17:53  Marine  
  163  17:54  Marine  
  163  17:57  Marauder  
  163  17:59  Marine  
  163  18:01  Marine x2  
  163  18:03  Marine  
  163  18:05  Marine  
  165  18:07  Marine  
  165  18:09  Marine  
  165  18:10  Marine  
Show
View Real Time Build Order
Export as new Build Order

ShoWTimE Protoss 

Build Orders: 1 Gate Expand, Phoenix Opening, Colossus Rush 

Get SALT Encoding   

  12  0:00  Probe  
  13  0:12  Probe  
  14  0:17  Pylon  
  14  0:24  Probe  
  14  0:27  Assimilator  
  15  0:36  Probe (Chrono Boost)  
  16  0:42  Gateway  
  16  0:48  Probe (Chrono Boost)  
  17  0:54  Probe (Chrono Boost)  
  18  1:03  Probe  
  19  1:15  Probe  
  20  1:24  Nexus  
  20  1:34  Cybernetics Core  
  20  1:38  Probe  
  21  1:43  Assimilator  
  21  1:50  Probe  
  21  1:54  Pylon  
  22  2:02  Probe  
  23  2:09  Adept (Chrono Boost)  
  23  2:14  Probe  
  26  2:16  Stargate  
  26  2:19  Warp Gate  
  26  2:27  Sentry, Probe (Chrono Boost)  
  27  2:36  Probe (Chrono Boost)  
  31  2:44  Probe (Chrono Boost)  
  31  2:45  Probe (Chrono Boost)  
  31  2:50  Probe x2 (Chrono Boost)  
  33  2:51  Adept  
  36  2:59  Phoenix  
  36  3:02  Probe x2  
  36  3:05  Assimilator  
  40  3:09  Pylon  
  40  3:14  Probe  
  40  3:15  Probe  
  42  3:24  Phoenix (Chrono Boost)  
  42  3:26  Probe  
  45  3:28  Probe  
  46  3:35  Gateway  
  46  3:38  Probe  
  46  3:40  Probe  
  48  3:47  Phoenix (Chrono Boost)  
  48  3:51  Probe  
  48  3:53  Probe  
  45  4:03  Probe  
  45  4:04  Phoenix, Robotics Facility  
  45  4:05  Probe  
  45  4:07  Assimilator  
  49  4:12  Pylon  
  49  4:15  Probe  
  49  4:16  Adept  
  52  4:21  Probe  
  53  4:26  Pylon  
  53  4:27  Probe  
  53  4:30  Phoenix  
  56  4:33  Probe  
  57  4:39  Probe  
  57  4:45  Probe  
  59  4:48  Adept  
  59  4:51  Probe  
  60  4:54  Robotics Bay  
  60  4:56  Observer  
  60  4:57  Probe  
  62  5:03  Probe  
  62  5:06  Nexus  
  63  5:10  Probe  
  64  5:15  Probe  
  64  5:18  Observer, Phoenix  
  68  5:22  Pylon  
  68  5:23  Pylon  
  68  5:24  Probe  
  68  5:27  Probe  
  70  5:38  Colossus (Chrono Boost)  
  70  5:40  Probe x2  
  78  5:43  Sentry  
  78  5:46  Shield Battery  
  80  5:50  Forge  
  80  5:52  Probe x2  
  80  5:55  Twilight Council  
  82  6:04  Probe x2  
  82  6:05  Phoenix  
  82  6:09  Pylon  
  86  6:12  Protoss Ground Weapons Level 1 (Chrono Boost)  
  86  6:14  Gateway  
  86  6:18  Probe x2 (Chrono Boost)  
  88  6:19  Probe (Chrono Boost)  
  89  6:28  Probe x2 (Chrono Boost)  
  89  6:29  Probe (Chrono Boost)  
  89  6:30  Colossus (Chrono Boost)  
  92  6:33  Probe x2 (Chrono Boost)  
  92  6:36  Charge  
  92  6:38  Probe  
  101  6:41  Assimilator  
  101  6:44  Sentry, Probe  
  101  6:45  Assimilator  
  104  6:47  Gateway  
  104  6:50  Zealot  
  106  6:59  Gateway  
  106  7:02  Gateway  
  106  7:08  Gateway  
  106  7:10  Gateway  
  106  7:11  Pylon  
  106  7:18  Pylon  
  106  7:22  Pylon  
  106  7:25  Colossus (Chrono Boost)  
  106  7:26  Templar Archives  
  106  7:28  Pylon, Extended Thermal Lance (Chrono Boost)  
  106  7:29  Zealot x2  
  116  7:31  Photon Cannon  
  116  7:42  Zealot x2  
  120  7:48  Pylon  
  120  7:52  Pylon, Forge  
  120  7:55  Nexus  
  120  7:57  Sentry, Zealot  
  124  8:01  Pylon  
  124  8:02  Zealot  
  124  8:05  High Templar x2  
  128  8:10  Archon  
  128  8:11  Zealot x3  
  134  8:23  Colossus (Chrono Boost)  
  134  8:26  Protoss Ground Armor Level 1 (Chrono Boost)  
  134  8:31  Zealot x4  
  140  8:35  Probe x3  
  140  8:36  Protoss Ground Weapons Level 2 (Chrono Boost)  
  140  8:40  High Templar x2  
  140  8:41  Zealot  
  149  8:44  Pylon, Archon  
  149  8:47  Probe, Zealot  
  150  8:59  Zealot x2  
  150  9:00  Zealot x2  
  158  9:03  Blink (Chrono Boost)  
  158  9:04  Photon Cannon  
  158  9:06  Shield Battery  
  158  9:08  Stalker  
  160  9:10  Stalker  
  160  9:16  Warp Prism  
  162  9:22  High Templar x2  
  162  9:23  Zealot  
  170  9:26  Archon  
  168  9:44  Zealot x6  
  172  9:52  Warp Prism (Chrono Boost)  
  166  9:59  Stalker x2  
  166  10:03  Gateway  
  166  10:05  Gateway  
  160  10:08  Stalker x4  
  160  10:09  Robotics Facility  
  168  10:15  Zealot x2  
  168  10:19  Disruptor (Chrono Boost)  
  173  10:27  Zealot x2  
  171  10:38  Stalker x6  
  171  10:40  Probe  
  171  10:41  Probe x2  
  174  10:44  Protoss Ground Armor Level 2 (Chrono Boost)  
  172  10:50  Disruptor (Chrono Boost), Zealot x2  
  147  10:59  Disruptor (Chrono Boost)  
  147  11:04  Stalker x6  
  124  11:05  Probe x2  
  124  11:06  Probe  
  127  11:16  Disruptor (Chrono Boost)  
  127  11:17  Pylon  
  128  11:26  Stalker x2  
  128  11:27  Stalker x4  
  128  11:31  Disruptor (Chrono Boost)  
  138  11:38  Probe x2  
  138  11:39  Probe, Assimilator  
  144  11:41  Assimilator, Zealot x2  
  144  11:43  Zealot x2  
  152  11:50  Stalker x3  
  157  11:56  Stalker x2  
  157  12:01  Zealot x3  
  170  12:09  Colossus x2 (Chrono Boost)  
  170  12:14  Zealot  
  181  12:19  Zealot x2  
  181  12:20  Zealot  
  187  12:25  Pylon  
  187  12:27  Pylon, Protoss Ground Weapons Level 3 (Chrono Boost)  
  185  12:41  Zealot  
  186  12:46  Nexus  
  186  12:48  Zealot x2  
  186  12:49  Pylon, Zealot  
  186  12:54  Zealot x2  
  186  12:55  Zealot  
  186  12:59  Colossus (Chrono Boost)  
  192  13:12  Photon Cannon  
  192  13:14  Photon Cannon  
  192  13:19  Zealot x4  
  198  13:20  Zealot  
  196  13:28  Probe x3  
  196  13:29  Probe  
  196  13:30  Dark Shrine  
  195  13:43  Probe x2  
  195  13:46  Disruptor (Chrono Boost)  
  189  13:52  Disruptor (Chrono Boost)  
  169  13:57  Stalker x6, Zealot  
  169  13:58  Zealot x2  
  174  14:07  Zealot  
  174  14:09  Shield Battery  
  169  14:11  Disruptor (Chrono Boost)  
  169  14:13  Pylon  
  169  14:16  Disruptor (Chrono Boost)  
  172  14:22  Observer  
  167  14:29  Probe x4  
  167  14:36  Disruptor (Chrono Boost)  
  168  14:41  Shadow Stride (Chrono Boost)  
  168  14:42  Disruptor (Chrono Boost)  
  168  14:43  Nexus  
  170  15:03  Disruptor (Chrono Boost)  
  161  15:07  Protoss Ground Armor Level 3 (Chrono Boost)  
  161  15:09  Disruptor (Chrono Boost), Zealot x6  
  161  15:10  Zealot x4  
  184  15:14  Pylon  
  184  15:16  Pylon  
  184  15:17  Protoss Shields Level 1 (Chrono Boost)  
  184  15:27  Probe  
  176  15:31  Disruptor  
  169  15:35  Stalker x5  
  169  15:37  Phoenix  
  180  15:42  Probe  
  162  16:00  Dark Templar x10  
  180  16:07  Observer  
  180  16:08  Observer  
  165  16:32  Stalker x3  
  153  16:34  Stalker x2  
  153  16:35  Stalker x4  
  155  16:56  Stalker x2  
  155  17:00  Stalker x2  
  155  17:01  Stalker x3, Zealot x3  
  172  17:09  Observer  
  172  17:11  Pylon  
  169  17:19  Nexus  
  157  17:27  Dark Templar x4  
  157  17:29  Zealot x3  
  169  17:33  Assimilator  
  169  17:51  Stalker x3, Zealot x3  
  133  18:02  Stalker x4  
  115  18:17  Stalker x4  
Tags
 
Add a new tag
Caveats
  • Supply blocks, unpowered buildings, or Contaminate may cause inaccurate times.
  • Supply counts are checked every 10 seconds.